 Dungeon Crawl Stone Soup version 0.29.1-15-g9cfb28693d (webtiles) character file.

Game seed: 4342861440049844766

161 BabyfaceFinlayson the Ogre Mage (level 5, -9/45 HPs)
             Began as an Ogre Fire Elementalist on Apr 19, 2023.
             Engulfed by a cloud of flame (17 damage)
             ... on level 4 of the Dungeon.
             The game lasted 00:11:12 (3113 turns).

BabyfaceFinlayson the Ogre Mage (OgFE)              Turns: 3113, Time: 00:11:13

Health: -9/45      AC:  4    Str: 12    XL:     5   Next: 42%
Magic:  5/11       EV: 10    Int: 18    God:
Gold:   135        SH:  0    Dex:  9    Spells: 2/12 levels left

rFire   . . .      SeeInvis .   c - staff of air
rCold   . . .      Faith    .   (no shield)
rNeg    . . .      Spirit   .   a - +0 robe
rPois   .          Reflect  .   (helmet restricted)
rElec   +          Harm     .   g - +0 cloak
rCorr   .          Rampage  .   (gloves unavailable)
Will    .....                   (boots unavailable)
Stlth   +.........              (no amulet)
HPRegen 0.15/turn               (no ring)
MPRegen 0.12/turn               (no ring)

@: very slightly contaminated
A: large, unfitting armour, tough skin 1
a: no special abilities


You were on level 4 of the Dungeon.
You visited 1 branch of the dungeon, and saw 4 of its levels.

You collected 135 gold pieces.

Inventory:

Armour
 a - a +0 robe (worn)
 g - a +0 cloak (worn)
Magical Staves
 c - a staff of air (weapon)
Jewellery
 f - a ring of willpower
Wands
 k - a wand of iceblast (4)
Scrolls
 h - 3 scrolls of teleportation
Potions
 b - 3 potions of curing
 d - a potion of attraction
 e - 5 potions of flight
 i - a potion of degeneration {unknown}
 j - a potion of lignification {unknown}
 l - 3 potions of resistance {unknown}
 m - 2 potions of mutation {unknown}
 n - a potion of magic


   Skills:
 + Level 2.3 Dodging
 + Level 1.5 Stealth
 + Level 4.2 Spellcasting
 + Level 1.2 Conjurations
 + Level 3.9 Fire Magic


You had 2 spell levels left.
You knew the following spells:

 Your Spells              Type           Power      Damage    Failure   Level
a - Foxfire               Conj/Fire      52%        2x1d6     4%          1
b - Scorch                Fire           36%        2d7       4%          2
c - Inner Flame           Hex/Fire       11%        N/A       19%         3
d - Flame Wave            Conj/Fire      13%        2d6       43%         4

Your spell library contained the following spells:

 Spells                   Type           Power      Damage    Failure   Level
 Conjure Flame            Conj/Fire      13%        6-21      14%         3
 Frozen Ramparts          Ice            6%         1d1       41%         3
 Ice Form                 Ice/Tmut       3%         N/A       82%         4
 Summon Ice Beast         Ice/Summ       3%         N/A       82%         4


Dungeon Overview and Level Annotations

Branches:
Dungeon (4/15)
 Temple: D:4-7

Altars:
Cheibriados


Innate Abilities, Weirdness & Mutations

You are too large for most types of armour.
You have tough skin. (AC +1)


Message History

Found a troll leather armour.
There is an open door here.
Found a quarterstaff.
You see here a +0 quarterstaff.
Found a pair of gloves.
Found a plate armour and 3 javelins.
There is a transporter landing site here.
You can't go up here!
You can't go down here!
This spell is extremely dangerous to cast!
Memorise Flame Wave, consuming 4 spell levels and leaving 2?
You start memorising the spell.
You continue memorising. x4
You finish memorising.
Spell assigned to 'd'.
An orc comes into view. It is wielding a +0 hand axe.
Casting: Scorch (safe; 4% risk of failure)
Confirm with . or Enter, or press ? or * to list all spells.
Aiming: Inner Flame (dangerous; 19% risk of failure)
Press: ? - help, Dir - move target, f - orc
Aim: an orc, wielding a +0 hand axe and wearing a +0 leather armour (chance to affect: 78%)
The orc is filled with an inner flame.
Casting: Inner Flame (dangerous; 19% risk of failure)
Confirm with . or Enter, or press ? or * to list all spells.
You conjure some foxfire!
The foxfire hits the orc but does no damage.
Casting: Foxfire (safe; 4% risk of failure)
Confirm with . or Enter, or press ? or * to list all spells.
You miscast Foxfire.
You are very lightly contaminated with residual magic.
Nothing appears to happen.
Your foxfire dissipates!
The orc attacks as you move away! The orc hits you with a +0 hand axe.
Casting: Foxfire (safe; 4% risk of failure)
Confirm with . or Enter, or press ? or * to list all spells.
Flames lash the orc.
The orc explodes!
The fiery explosion engulfs you!!!
Ouch! That really hurt!
* * * LOW HITPOINT WARNING * * *
You are engulfed in blazing flames.
You die...

#######.....#####
.....#.........#
....#.....##..# #
#..#.....##..#
.#8#[.#.....##..##
.....$#..........#
©....[#©....##..##
.....$#...####..##
.#8#..#..§§@.#...#
.###.n#...§..#)..#
.....Z#.(§§§##...#
.....Z#.....##...#
#######......#...#
.............#...#
............##...#
.......#######...#...#
...........[.....#...#


You could see a killer bee zombie and a bullfrog skeleton.

Vanquished Creatures
  A centaur (D:3)
  4 adders
  A dart slug (D:1)
  An orc (D:4)
  5 ball pythons
  3 endoplasms
  3 giant cockroaches
  4 hobgoblins
  6 kobolds
  2 quokkas
  2 bats
  2 frilled lizards
  8 goblins
  9 rats
51 creatures vanquished.

Vanquished Creatures (others)
  75 foxfires
75 creatures vanquished.

Grand Total: 126 creatures vanquished

Notes
Turn   | Place    | Note
-------+----------+-------------------------------------------
     0 | D:1      | BabyfaceFinlayson the Ogre Fire Elementalist began the
                  | quest for the Orb.
     0 | D:1      | Reached XP level 1. HP: 16/16 MP: 3/3
   337 | D:1      | Reached XP level 2. HP: 24/24 MP: 3/5
   346 | D:1      | Learned a level 2 spell: Scorch
   903 | D:1      | Reached XP level 3. HP: 31/31 MP: 5/7
   908 | D:1      | Learned a level 3 spell: Inner Flame
  1177 | D:1      | Found a faded altar of an unknown god.
  1379 | D:2      | Reached skill level 3 in Spellcasting
  1483 | D:2      | Reached skill level 1 in Conjurations
  2138 | D:3      | Noticed a centaur
  2142 | D:3      | Killed a centaur
  2143 | D:3      | Reached skill level 4 in Spellcasting
  2143 | D:3      | Reached XP level 4. HP: 16/39 MP: 0/10
  2143 | D:3      | Reached XP level 5. HP: 18/45 MP: 0/11
  2416 | D:3      | Found a snail-covered altar of Cheibriados.
  2606 | D:3      | Identified the +0 ring mail of the Circus Animal {Will+}
  3099 | D:4      | Learned a level 4 spell: Flame Wave
  3113 | D:4      | Engulfed by a cloud of flame

Illustrated notes

Levels and vault maps discovered:
D:1:      arrival_zaba_pyramid, layout_basic,
          shapermc_ecumenical_altar_acropolis
D:2:      layout_basic
D:3:      layout_rooms, overflow_temple_1_default, minivault_25
D:4:      layout_gridville, nzn_wu_jian_contemplation,
          gammafunk_ghost_mausoleum, minivault_14, kennysheep_cluttered_room

Skill      XL: |  1  2  3 |
---------------+----------+-----
Dodging        | 2 |  2.3
Fire Magic     | 3 |  3.9
Spellcasting   | 4 |  4.2
Conjurations   | 1 |  1.2
Stealth        | |  1.5

Action                   |  1- 3 |  4- 6 || total
-------------------------+-------+-------++-------
Melee: Staff             |     8 |       ||     8
 Cast: Foxfire           |    39 |     8 ||    47
       Scorch            |    15 |     9 ||    24
       Inner Flame       |       |     1 ||     1
Evoke: Wand              |     1 |       ||     1
  Use: Potion            |     1 |       ||     1
       Scroll            |     4 |     2 ||     6
Armor: Robe              |    12 |     1 ||    13
Dodge: Dodged            |    23 |       ||    23
